 Dungeon Crawl Stone Soup version 0.29.0-4-gdea44cf6ec (webtiles) character file.

Game seed: 12638048651385510951

7 qw the Sneak (level 2, -1/19 HPs)
             Began as a Gargoyle Delver on Sept 10, 2022.
             Slain by an orc
             ... wielding a +0 flail
              (2 damage)
             ... on level 4 of the Dungeon.
             The game lasted 00:00:04 (100 turns).

qw the Sneak (Gargoyle Delver)                       Turns: 100, Time: 00:00:05

Health: -1/19      AC:  5    Str: 15    XL:     2   Next: 0%
Magic:  2/2        EV: 11    Int: 10    God:
Gold:   0          SH:  0    Dex: 11    Spells: 1/1 levels left

rFire   . . .      SeeInvis .   a - +0 hand axe
rCold   . . .      Faith    .   (no shield)
rNeg    + . .      Spirit   .   b - +0 leather armour
rPois   inf        Reflect  .   (no helmet)
rElec   +          Harm     .   (no cloak)
rCorr   .          Rampage  .   (no gloves)
Will    .....                   (no boots)
Stlth   +++.......              (no amulet)
HPRegen 0.06/turn               (no ring)
MPRegen 0.08/turn               (no ring)

@: no status effects
A: sickness immunity, AC +2, negative energy resistance 1, electricity
resistance, torment resistance 1, petrification resistance
a: no special abilities


You were on level 4 of the Dungeon.
You visited 1 branch of the dungeon, and saw 2 of its levels.


Innate Abilities, Weirdness & Mutations

You are immune to sickness and miasma.
Your stone body is resilient. (AC +2)
You are immune to poison.
You resist negative energy. (rN+)
You are resistant to electric shocks. (rElec)
You are resistant to unholy torment.
You are immune to petrification.


   Skills:
 - Level 3.2 Fighting
 + Level 2.4 Axes
 - Level 1.5 Dodging
 - Level 5.4 Stealth


You had one spell level left.
You didn't know any spells.
Your spell library was empty.

Inventory:

Hand Weapons
 a - a +0 hand axe (weapon)
 c - a +0 club
Armour
 b - a +0 leather armour (worn)
Wands
 g - a wand of digging (3)
Potions
 f - a potion of haste

Dungeon Overview and Level Annotations

Branches:
Dungeon (5/15)
 Temple: D:4-7

Altars:
Dithmenos


Message History

A jelly comes into view.
The orc hits you but does no damage.
An orc comes into view. It is wielding a +0 dagger.
The orc moves out of view.
95 ||| Stepping ~*~*~tactically~*~*~ (stealth).
The hobgoblin attacks as you move away!
The hobgoblin hits you but does no damage.
Something hits you.
You barely miss the hobgoblin.
The hobgoblin is severely wounded.
The orc shouts! x2
You hit the orc. You hit something. Something hits you but does no damage.
The hobgoblin hits you but does no damage.
The orc hits you but does no damage.
You hit the orc.
You kill the orc!
You hit the orc but do no damage. You barely miss something.
You hit the hobgoblin.
You kill the hobgoblin!
The orc completely misses you. Something hits you.
You have reached level 2!
You hit the orc.
The orc is heavily wounded.
You barely miss something. The orc hits you with a +0 flail.
An endoplasm comes into view.
Something hits you.
You hit the orc but do no damage.
The orc is heavily wounded.
You closely miss the orc. You hit the orc. You hit something.
The orc hits you but does no damage. The orc hits you with a +0 dagger.
The orc closely misses you. Something hits you but does no damage.
You barely miss the orc.
The orc is heavily wounded.
You barely miss the orc. You hit the orc. You hit something.
Reactivating autopickup.
You feel a bit more experienced. The orc hits you with a +0 flail.
You die...

....... ..
..........
.##.........
#.....?...J.
#.#.......#
....#.##.#
#....)o##
##.....@o##
..##.%>...)os#...
.......).%#.o.....
.....##....##...<.#
_... ##...# .....#
... #...## ......
.. ...... .J... .
#......# ..##.
##.....#


You could see a scorpion, 4 orcs and an endoplasm.

Vanquished Creatures
  An orc (D:4)
  A giant cockroach (D:4)
  A goblin (D:4)
  A hobgoblin (D:4)
  2 kobolds (D:4)
6 creatures vanquished.

Notes
Turn   | Place    | Note
-------+----------+-------------------------------------------
     0 | D:5      | qw the Gargoyle Delver began the quest for the Orb.
     0 | D:5      | Reached XP level 1. HP: 14/14 MP: 1/1
     0 | D:5      | 0 ||| qw: Version: 0.1-a-116-g5d60599
     0 | D:5      | 0 ||| qw: Game counter: 8542
     0 | D:5      | 0 ||| qw: Always use a shield: true
     0 | D:5      | 0 ||| qw: God list: Okawaru
     0 | D:5      | 0 ||| qw: Allow faded altars: false
     0 | D:5      | 0 ||| qw: Do Orc after D:15 true
     0 | D:5      | 0 ||| qw: Do second Lair branch before Depths: true
     0 | D:5      | 0 ||| qw: Lair rune preference: random
     0 | D:5      | 0 ||| qw: Plans: Normal
     0 | D:5      | 0 ||| PLANNING D:1-11
     0 | D:5      | 0 ||| DROPPING scroll of fog.
     1 | D:5      | 1 ||| DROPPING scroll of magic mapping.
     2 | D:5      | 2 ||| DROPPING scroll of fear.
     8 | D:4      | Found a shadowy altar of Dithmenos.
     9 | D:4      | 9 ||| PLANNING SEWER
    73 | D:4      | 73 ||| Stepping ~*~*~tactically~*~*~ (stealth).
    75 | D:4      | 75 ||| Stepping ~*~*~tactically~*~*~ (stealth).
    76 | D:4      | 76 ||| Stepping ~*~*~tactically~*~*~ (stealth).
    77 | D:4      | 77 ||| Stepping ~*~*~tactically~*~*~ (stealth).
    84 | D:4      | Noticed a scorpion
    85 | D:4      | 85 ||| Stepping ~*~*~tactically~*~*~ (stealth).
    94 | D:4      | 94 ||| Stepping ~*~*~tactically~*~*~ (stealth).
    94 | D:4      | Noticed a jelly
    95 | D:4      | 95 ||| Stepping ~*~*~tactically~*~*~ (stealth).
    98 | D:4      | Reached XP level 2. HP: 8/19 MP: 2/2
    98 | D:4      | HP: 3/19 [something (3)]
    99 | D:4      | HP: 1/19 [orc/+0 dagger (2)]
   100 | D:4      | Slain by an orc

Levels and vault maps discovered:
D:4:      gammafunk_wand_slinger, layout_cave_pools,
          mainiacjoe_overflow_small_starburst, nicolae_dithmenos_shadow_blocks,
          minmay_temple_entry_grid, gammafunk_ghost_icy, portal_sewer_entry_e,
          nicolae_shop_i_like_big_books
D:5:      layout_loops_ring, mainiacjoe_overflow_tiny_flanked,
          hangedman_decor_lopped, uniq_menkaure, uniq_duvessa,
          uniq_prince_ribbit1

Skill      XL: |  1 |
---------------+----+-----
Axes           | 2 |  2.4
Fighting       | |  3.2
Dodging        | |  1.5
Stealth        | |  5.4

Action                   || total
-------------------------++-------
Melee: Hand axe          ||    20
       Punch             ||     1
Armor: Leather armour    ||    11
Dodge: Dodged            ||     9

Table legend:
 A = Non-vault XP
 B = Vault XP
 C = Vault XP percentage of total XP
 D = Non-vault monster count
 E = Vault monster count
 F = Vault count percentage of total count
                 A         B        C        D         E       F
            +---------+---------+-------+---------+---------+-------
      Total |      12 |       0 |   0.0 |       6 |       0 |   0.0
            +---------+---------+-------+---------+---------+-------
        D:4 |      12 |       0 |   0.0 |       6 |       0 |   0.0
            +---------+---------+-------+---------+---------+-------
